 Dungeon Crawl Stone Soup version 0.17-a0-131-ga9cda9c (webtiles) character file.

649 xeno23 the Chiller (level 7, -1/52 HPs)
             Began as a Merfolk Ice Elementalist on Mar 24, 2015.
             Was an Initiate of Vehumet.
             Killed from afar by Grinder (3 damage)
             ... with a wand of flame
             ... on level 5 of the Dungeon.
             The game lasted 00:43:41 (6676 turns).

xeno23 the Chiller (Merfolk Ice Elementalist)       Turns: 6676, Time: 00:43:41

Health: -1/52      AC:  5    Str:  8    XL:     7   Next: 53%
Magic:  12/24      EV: 14    Int: 16    God:    Vehumet [......]
Gold:   318        SH:  0    Dex: 15    Spells: 4 memorised, 3 levels left

rFire  . . .     SeeInvis +     s - +0 trident
rCold  . . .     Clarity  .     a - +0 robe
rNeg   . . .     SustAb   .     (no shield)
rPois  .         Gourm    .     (no helmet)
rElec  .         Spirit   .     (no cloak)
rCorr  .         Warding  .     p - +2 pair of gloves
rMut   .         Stasis   .     (no boots)
MR     .....                    q - amulet of rage
Stlth  ++........               r - ring of magical power
                                o - ring of see invisible

@: not resistant to hostile enchantments, unstealthy
A: change form in water, swift swim
a: Renounce Religion, Evoke Berserk Rage


You were on level 5 of the Dungeon.
You worshipped Vehumet.
Vehumet was noncommittal.
You were hungry.

You visited 2 branches of the dungeon, and saw 6 of its levels.

You collected 318 gold pieces.

Inventory:

Hand weapons
 s - a +0 trident (weapon)
Missiles
 f - 45 stones (quivered)
Armour
 a - a +0 robe (worn)
 p - a +2 pair of gloves (worn)
Jewellery
 o - a ring of see invisible (left hand)
 q - an amulet of rage (around neck)
 r - a ring of magical power (right hand)
 u - an uncursed ring of protection from cold
Scrolls
 e - 5 scrolls of remove curse
 l - 2 scrolls of identify {unknown}
 t - 2 scrolls of immolation {unknown}
 w - a scroll of recharging {unknown}
Potions
 d - 2 potions of heal wounds {unknown}
 i - 2 potions of curing {unknown}
 j - 2 potions of haste {unknown}
 k - a potion of brilliance {unknown}
 m - a potion of flight {unknown}
 v - a potion of magic {unknown}
 x - 2 potions of restore abilities {unknown}
 z - a potion of agility
Books
 b - a book of Frost

   Spells                             Type                      Level
   a - Freeze                         Ice                          1
   b - Throw Frost                    Conjuration/Ice              2
   c - Ozocubu's Armour               Charms/Ice                   3
   d - Throw Icicle                   Conjuration/Ice              4
   e - Summon Ice Beast               Ice/Summoning                4
   f - Condensation Shield            Ice                          4
Comestibles
 c - 4 bread rations
 g - a meat ration
 h - a chunk of flesh
 n - a fruit


   Skills:
 * Level 3.3 Fighting
 + Level 2.0 Polearms
 + Level 3.6 Dodging
 + Level 3.3 Stealth
 * Level 3.8 Spellcasting
 - Level 2.2 Conjurations
 - Level 2.1 Charms
 * Level 1.4 Summonings
 * Level 4.8 Ice Magic


You had 3 spell levels left.
You knew the following spells:

 Your Spells              Type           Power        Failure   Level  Hunger
a - Freeze                Ice            ###.         2%          1    None
b - Ozocubu's Armour      Chrm/Ice       ##......     14%         3    ###....
c - Summon Ice Beast      Ice/Summ       ##......     50%         4    ####...
q - Throw Frost           Conj/Ice       ##....       10%         2    ##.....


Dungeon Overview and Level Annotations

Branches:
Dungeon (5/15)             Temple (1/1) D:5

Altars:
Ashenzari
Dithmenos
Elyvilon
Fedhas
Gozag
Kikubaaqudgha
Nemelex Xobeh
Okawaru
Qazlal
Ru
Sif Muna
Trog
Vehumet
Xom
Yredelemnul
Zin
The Shining One

Shops:
D:5 =

Annotations:
D:4 Eustachio; squibie's ghost, average DgGl
D:5 Grinder


Message History

There is an open door here.
Grinder zaps a wand.
The puff of flame misses you.
Your magical contamination has completely faded away.
You close the door.
Something unseen opens the door.
Grinder gestures at you. You resist with significant effort.
There is an open door here.
You close the door.
Grinder gestures.
Grinder blinks!
There is an open door here.
Grinder gestures.
Grinder blinks!
You close the door.
Grinder opens the door.
Grinder zaps a wand.
The puff of flame hits you!
* * * LOW HITPOINT WARNING * * *
Grinder zaps a wand.
The puff of flame hits you!
You die...

###..########'#..........########
###..#######.....##'#.....≈..#_.≈
...........#.....#.....#..#..#..≈
......§....#.....#.....#..#.....≈
..........5'.....'...######.....≈
.##.§#######.....#.##..#.........
.##+#######.....##'##......#####.
.#........#.....#.....+....'.....
.'........+..)..@.....#....#.....
###'#####5#.....##.####....#####'
.....###.....#'###.#####.........
.....'.+.....+..'...'..'.........
.....#'#.....#'###'###'#.........
##...............................
.#...............................
.#......................#+###+###
.+......#'#.............#


You could see Grinder.

Vanquished Creatures
  2 sky beasts
  A jelly (D:5)
  A crimson imp (D:5)
  An orc priest (D:5)
  A hound (D:5)
  A worker ant (D:5)
  A giant frog skeleton (D:4)
  3 orc wizards (D:3)
  8 adders
  2 gnolls
  A shadow imp (D:5)
  6 worms
  5 giant geckos
  An ooze (D:2)
  13 orcs
  A bat skeleton (D:3)
  6 giant cockroaches
  2 goblins
  6 hobgoblins
  4 jackals (D:2)
  2 kobolds
  9 bats
  4 giant newts
  2 quokkas
  13 rats
96 creatures vanquished.

Vanquished Creatures (others)
  An ice beast (D:5)
1 creature vanquished.

Grand Total: 97 creatures vanquished

Notes
Turn   | Place    | Note
--------------------------------------------------------------
     0 | D:1      | xeno23, the Merfolk Ice Elementalist, began the quest for the Orb.
     0 | D:1      | Reached XP level 1. HP: 13/13 MP: 3/3
   325 | D:1      | Reached skill level 1 in Fighting
   444 | D:2      | Reached XP level 2. HP: 7/21 MP: 0/4
   782 | D:2      | Learned a level 2 spell: Throw Frost
   908 | D:2      | Reached XP level 3. HP: 2/26 MP: 0/6
  1207 | D:2      | Learned a level 3 spell: Ozocubu's Armour
  1306 | D:2      | Reached skill level 1 in Conjurations
  1319 | D:2      | HP: 1/26 [worm (7)]
  1758 | D:2      | Found a sparkling altar of Nemelex Xobeh.
  1820 | D:2      | Reached XP level 4. HP: 24/33 MP: 5/8
  2266 | D:2      | Reached skill level 4 in Ice Magic
  3051 | D:3      | Noticed a sky beast
  3064 | D:3      | Reached XP level 5. HP: 27/39 MP: 3/10
  3212 | D:2      | Learned a level 4 spell: Summon Ice Beast
  3254 | D:3      | Found a basalt altar of Yredelemnul.
  4371 | D:3      | Reached XP level 6. HP: 44/46 MP: 12/12
  4633 | D:3      | Reached skill level 1 in Charms
  4752 | D:3      | Found a bloodstained altar of Trog.
  4752 | D:3      | Found a shimmering altar of Xom.
  4997 | D:3      | Killed a sky beast
  4997 | D:3      | Reached skill level 1 in Polearms
  4997 | D:3      | Reached skill level 1 in Summonings
  5230 | D:4      | Noticed squibie's ghost (average DgGl)
  5257 | D:4      | Noticed Eustachio
  5263 | D:5      | Entered Level 5 of the Dungeon
  5414 | D:5      | Found a sacrificial altar of Ru.
  5578 | D:5      | Noticed Grinder
  5655 | D:5      | Found Qaanloz's Jewellery Emporium.
  5671 | D:5      | Reached XP level 7. HP: 12/52 MP: 8/15
  6094 | D:5      | Found a staircase to the Ecumenical Temple.
  6167 | Temple   | Entered the Ecumenical Temple
  6423 | Temple   | Became a worshipper of Vehumet
  6637 | D:5      | Paralysed by Grinder for 3 turns
  6675 | D:5      | HP: 2/52 [Grinder/wand of flame (7)]
  6676 | D:5      | Killed from afar by Grinder

Action                   |  1- 3 |  4- 6 |  7- 9 || total
-------------------------+-------+-------+-------++-------
Melee: Mace              |    70 |     3 |       ||    73
       Unarmed           |     1 |       |       ||     1
       Spear             |       |   245 |     5 ||   250
       Trident           |       |       |    40 ||    40
Throw: Stone             |    20 |     1 |       ||    21
 Cast: Freeze            |    29 |    55 |     9 ||    93
       Throw Frost       |     1 |    15 |    12 ||    28
       Ozocubu's Armour  |     1 |     9 |     3 ||    13
       Summon Ice Beast  |       |       |     1 ||     1
  Use: Scroll            |       |     1 |       ||     1
 Stab: Sleeping          |       |     9 |     1 ||    10
  Eat: Chunk             |     3 |    14 |     4 ||    21
       Fruit             |       |     1 |       ||     1
